 Dungeon Crawl Stone Soup version 0.28.0 (webtiles) character file.

Game seed: 179572340398870218

22 bunbun39 the Scratcher (level 2, -2/12 HPs)
             Began as a Felid Transmuter on Feb 8, 2022.
             Was a Follower of Uskayaw.
             Slain by an adder (4 damage)
             ... on level 2 of the Dungeon.
             The game lasted 00:09:49 (821 turns).

bunbun39 the Scratcher (Felid Transmuter)            Turns: 821, Time: 00:09:49

Health: -2/12      AC:  1    Str:  6    XL:     2   Next: 68%
Magic:  4/6        EV: 17    Int: 14    God:    Uskayaw [*.....]
Gold:   40         SH:  0    Dex: 16    Spells: 4/5 levels left
                                        Lives:  0   Deaths: 0

rFire   . . .      SeeInvis +     - Unarmed
rCold   . . .      Faith    .   (shield unavailable)
rNeg    . . .      Spirit   .   (armour unavailable)
rPois   .          Reflect  .   (helmet unavailable)
rElec   .          Harm     .   (cloak unavailable)
rCorr   .          Rampage  .   (gloves unavailable)
Will    .....                   (boots unavailable)
Stlth   +.........              (no amulet)
HPRegen 0.04/turn               (no ring)
MPRegen 0.10/turn               (no ring)

@: lethally poisoned (-2 -> -7), very slightly contaminated, quick
A: very small, claws 1, fangs 3, see invisible, speed 1, shaggy fur 1, stealthy
paws, no weapons or thrown items, no armour, multi-lived
a: Renounce Religion, Stomp


You were on level 2 of the Dungeon.
You worshipped Uskayaw.
Uskayaw was noncommittal.
You visited 1 branch of the dungeon, and saw 2 of its levels.

You collected 112 gold pieces.
You spent 72 gold pieces at shops.

Inventory:

Hand Weapons
 a - a +5 dagger
 b - a +0 rapier
 e - a +0 dagger
 f - a +0 whip
 h - a +0 club
 k - a +0 club
Missiles
 j - 18 bolts
 l - 18 arrows
Scrolls
 d - a scroll of immolation
 i - a scroll of blinking
Potions
 c - a potion of heal wounds
 g - a potion of curing


   Skills:
 + Level 1.0 Fighting
 + Level 2.9 Dodging
 + Level 3.6 Unarmed Combat
 + Level 2.2 Spellcasting
 + Level 2.3 Transmutations
 * Level 0.1 Invocations


You had 4 spell levels left.
You knew the following spells:

 Your Spells              Type           Power      Damage    Failure   Level
a - Beastly Appendage     Tmut           16%        N/A       9%          1

Your spell library contained the following spells:

 Spells                   Type           Power      Damage    Failure   Level
 Wereblood                Tmut           8%         N/A       14%         2
 Spider Form              Tmut/Pois      4%         N/A       41%         3
 Ice Form                 Ice/Tmut       4%         N/A       82%         4


Dungeon Overview and Level Annotations

Branches:
Dungeon (2/15)

Altars:
Uskayaw

Shops:
D:2 ?


Innate Abilities, Weirdness & Mutations

You have sharp claws.
You have razor-sharp teeth.
You have supernaturally acute eyesight. (SInv)
You cover ground quickly. (Speed+)
You are covered in fur. (AC +1)
Your paws help you pounce on unaware monsters.
You are incapable of wielding weapons or throwing items.
You cannot wear armour.
You gain extra lives every three experience levels.


Message History

You kill the frilled lizard!
Found 18 arrows.
You see here 18 arrows.
l - 18 arrows
Found 11 gold pieces.
Found a stone staircase leading down.
You now have 40 gold pieces (gained 11).
An adder comes into view.
The adder hisses angrily.
Casting: Beastly Appendage (safe; 9% risk of failure)
Confirm with . or Enter, or press ? or * to list all spells.
You miscast Beastly Appendage.
You are very lightly contaminated with residual magic.
Nothing appears to happen.
Casting: Beastly Appendage (safe; 9% risk of failure)
Confirm with . or Enter, or press ? or * to list all spells.
You miscast Beastly Appendage.
Nothing appears to happen.
The adder misses you. The adder completely misses you.
You closely miss the adder. You bite the adder.
The adder is moderately wounded.
The adder barely misses you.
You scratch the adder but do no damage. You claw the adder, but do no damage.
The adder is moderately wounded.
The adder misses you.
You closely miss the adder.
The adder is moderately wounded.
The adder bites you.
You completely miss the adder.
The adder is moderately wounded.
The adder misses you. x2
You scratch the adder.
The adder is heavily wounded.
The adder bites you.
You are lethally poisoned!
The adder poisons you!
You scratch the adder.
The adder is severely wounded.
* * * LOW HITPOINT WARNING * * *
You feel sick. The adder bites you.
You die...

####.##.##.#... ..
#..........#######
#.##.##.#...
#.##.##.#...
#.##....#...
#.##.##.#....
#...>...#.
#.S.........
#@##.##.#...
#.##......##
#.##...#..#
#.##..## ...
#.##.## #.# #.. #.
.#. . .


You could see an adder.

Vanquished Creatures
  A dart slug (D:1)
  4 ball pythons (D:1)
  An endoplasm (D:2)
  2 goblins (D:1)
  A hobgoblin (D:1)
  2 jackals (D:1)
  A quokka (D:1)
  2 bats (D:1)
  2 frilled lizards
  A kobold (D:2)
  2 rats (D:1)
19 creatures vanquished.

Vanquished Creatures (others)
  2 plants (D:1)
2 creatures vanquished.

Grand Total: 21 creatures vanquished

Notes
Turn   | Place    | Note
-------+----------+-------------------------------------------
     0 | D:1      | bunbun39 the Felid Transmuter began the quest for the Orb.
     0 | D:1      | Reached XP level 1. HP: 9/9 MP: 4/4
    72 | D:1      | Found a faded altar of an unknown god.
    76 | D:1      | Prayed at the altar of an unknown god.
    76 | D:1      | Became a worshipper of Uskayaw the Reveller
    76 | D:1      | Reached * piety under Uskayaw
   177 | D:1      | Reached XP level 2. HP: 3/12 MP: 1/6
   382 | D:1      | Reached ** piety under Uskayaw
   740 | D:2      | Found Hoaleruss's Magic Scroll Shop.
   761 | D:2      | Bought a scroll of identify for 24 gold pieces
   761 | D:2      | Bought a scroll of identify for 24 gold pieces
   761 | D:2      | Bought a scroll of identify for 24 gold pieces
   821 | D:2      | Slain by an adder

Illustrated notes

Levels and vault maps discovered:
D:1:      minmay_arrival_plants_in_alcoves, layout_loops_ring,
          shapermc_ecumenical_altar_mp_urbaneastern
D:2:      layout_loops_cross, serial_shops, nicolae_diamond_shop, uniq_natasha,
          uniq_terence

Action                   || total
-------------------------++-------
Melee: Unarmed           ||    51
       Bite              ||     4
       Punch             ||     2
 Cast: Beastly Appendage ||     3
Invok: Stomp             ||     2
       Line Pass         ||     2
  Use: Scroll            ||     4
       Potion            ||     1
 Stab: Confused          ||     1
Armor: Skin              ||     1
Dodge: Dodged            ||    36
